 Dungeon Crawl Stone Soup version 0.31-a0-43-g46d131a48f (webtiles) character file.

Game seed: 14692472085297998239

14 porpoise the Digger (level 2, -4/19 HPs)
             Began as a Human Earth Elementalist on May 20, 2023.
             Slain by Terence
             ... wielding a +0 flail
              (7 damage)
             ... on level 2 of the Dungeon.
             The game lasted 00:02:25 (951 turns).

porpoise the Digger (Human Earth Elementalist)       Turns: 951, Time: 00:02:26

Health: -4/19      AC:  3    Str:  8    XL:     2   Next: 60%
Magic:  3/5        EV: 12    Int: 15    God:
Gold:   66         SH:  0    Dex: 13    Spells: 4/5 levels left

rFire   . . .        a - +1 dagger (venom)
rCold   . . .        (no shield)
rNeg    . . .        e - +0 robe
rPois   .            g - +0 helmet
rElec   .            (no cloak)
rCorr   .            (no gloves)
SInv    .            (no boots)
Will    .....        (no amulet)
Stlth   ++           (no ring)
HPRegen 0.23/turn    (no ring)
MPRegen 0.09/turn

%: no passive effects
@: no status effects
A: no striking features
a: no special abilities


You were on level 2 of the Dungeon.
You visited 1 branch of the dungeon, and saw 2 of its levels.

You collected 66 gold pieces.

Inventory:

Hand Weapons
 a - a +1 dagger of venom (weapon)
Armour
 e - a +0 robe (worn)
 g - a +0 helmet (worn)
Scrolls
 c - 2 scrolls of amnesia {unknown}
 d - 3 scrolls of identify {unknown}
 f - a scroll of enchant armour {unknown}
Potions
 b - a potion of magic


   Skills:
 - Level 2.0 Dodging
 - Level 2.0 Stealth
 + Level 2.3 Spellcasting
 + Level 1.5 Transmutations
 + Level 3.2 Earth Magic


You had 4 spell levels left.
You knew the following spells:

 Your Spells              Type           Power      Damage    Failure   Level
a - Sandblast             Erth           22%        2d7       5%          1

Your spell library contained the following spells:

 Spells                   Type           Power      Damage    Failure   Level
 Passwall                 Tmut/Erth      6%         N/A       12%         2
 Stone Arrow              Conj/Erth      12%        3d7       32%         3
 Petrify                  Tmut/Erth      8%         N/A       63%         4


Dungeon Overview and Level Annotations

Branches:
Dungeon (2/15)

Altars:

Annotations:
D:2 Terence


Message History

The frilled lizard hisses angrily.
The polar bear growls angrily.
Done exploring.
Done exploring.
(D) Dungeon
Where to? (? - help)
You see here a ball python corpse.
You see here a hobgoblin corpse.
There is a stone staircase leading down here.
You climb downwards.
There is a stone staircase leading up here.
There is a stone staircase leading up here.
Found a stone staircase leading down.
There is a stone staircase leading down here.
d - 3 scrolls labelled YHIECV CICK (gained 1) Terence the Incautious comes into view.
He is wielding a +0 flail.
Terence shouts!
You hit Terence but do no damage.
Terence is poisoned.
Terence hits you with a +0 flail.
Casting: Sandblast (safe; 5% risk of failure)
Confirm with . or Enter, or press ? or * to list all spells.
You don't know that spell.
Casting: Sandblast (safe; 5% risk of failure)
Confirm with . or Enter, or press ? or * to list all spells.
Aiming: Sandblast (safe; 5% risk of failure)
Press: ? - help, Shift-Dir - straight line, f - Terence
Aim: Terence, wielding a +0 flail and wearing a +0 chain mail (lightly wounded, very poisoned, 87% to hit)
The blast of sand hits Terence but does no damage.
Terence is lightly wounded.
Terence hits you with a +0 flail.
Casting: Sandblast (safe; 5% risk of failure)
Confirm with . or Enter, or press ? or * to list all spells.
Aiming: Sandblast (safe; 5% risk of failure)
Press: ? - help, Shift-Dir - straight line, f/p - Terence
Aim: Terence, wielding a +0 flail and wearing a +0 chain mail (moderately wounded, very poisoned, 87% to hit)
The blast of sand hits Terence but does no damage.
Terence is moderately wounded.
Terence hits you with a +0 flail.
* * * LOW HITPOINT WARNING * * *
Terence hits you with a +0 flail!
You die...

## .. .. # ## ## #.#
.##...# .......
########.......
####......@.......
#######>...######@......
........#### .......
######### #######


You could see Terence (very poisoned).

Vanquished Creatures
  A bat (D:1)
  An endoplasm (D:1)
  4 hobgoblins (D:1)
  5 ball pythons (D:1)
  A goblin (D:1)
  2 rats (D:1)
14 creatures vanquished.

Notes
Turn   | Place    | Note
-------+----------+-------------------------------------------
     0 | D:1      | porpoise the Human Earth Elementalist began the quest for
                  | the Orb.
     0 | D:1      | Reached XP level 1. HP: 13/13 MP: 3/3
     6 | D:1      | Noticed a salamander
     6 | D:1      | Noticed a polar bear
     7 | D:1      | Noticed a swamp worm
     7 | D:1      | Noticed a wolf
   250 | D:1      | Reached XP level 2. HP: 19/19 MP: 3/5
   948 | D:2      | Noticed Terence
   951 | D:2      | Slain by Terence

Illustrated notes

Levels and vault maps discovered:
D:1:      onia_arrival_zoo_common, layout_loops_ring
D:2:      layout_rooms, serial_shops, nicolae_shop_hallway_stairs, uniq_terence,
          uniq_natasha

Action                     || total
---------------------------++-------
  Melee: Dagger            ||    19
   Cast: Sandblast         ||    13
 Armour: Robe              ||     2
  Dodge: Dodged            ||     8

Table legend: (Time is in decaauts)
 A = Elapsed time spent in this place.
 B = Non-inter-level travel time spent in this place.
 C = Inter-level travel time spent in this place.
 D = Time resting spent in this place.
 E = Time spent auto-exploring this place.
 F = Levels seen in this place.
 G = Mean time per level.
                   A        B        C        D        E       F      G
               +--------+--------+--------+--------+--------+-----+--------+
         Total |    956 |    890 |     66 |    213 |    567 |   2 |  478.0 |
       Dungeon |    956 |    890 |     66 |    213 |    567 |   2 |  478.0 |
               +--------+--------+--------+--------+--------+-----+--------+

Top non-repeatable levels by time:
     D:1: 910 daAuts
     D:2: 46 daAuts
